AoeStats
← Navix de los Bosques de Lituania

Arabia

506570785Analyzed
3v3 RM · 17d ago on Sep 14, 2026· 51m 5s· 6 players
Game mode
Random Map
Map size
Normal (6 player)
Population
200
Speed
Normal
Resources
Standard
Victory
Conquest
Starting age
Dark Age
Ending age
Imperial Age
RankedLock teamsTeams togetherTeam positionsShared explorationLock speedFull tech treeHidden civsTurbo modeCheats
Victory
Defeat
🇦🇷 Franks · Argentina
849
+11
🇦🇷 Vikings · Argentina
758
+14
🇦🇷 Vietnamese · Argentina
755
+15
🇨🇴 Slavs · Colombia
746
-14
720
-13
🇦🇺 Bohemians · Australia
712
-13
Derzer
7:47 Loom
9:33 Feudal Age
14:10 Man-at-Arms
17:10 Forging
17:42 Horse Collar
22:48 Scale Mail Armor
23:37 Double-Bit Axe
25:45 Gold Mining
25:47 Stone Mining
29:15 Castle Age
30:28 Husbandry
30:40 Bloodlines
31:09 Bow Saw
30:26 Pikeman
31:09 Squires
31:52 Iron Casting
32:26 Detinets
34:11 Wheelbarrow
33:39 Heavy Plow
33:50 Scale Barding Armor
36:33 Hand Cart
36:12 Town Watch
37:29 Chain Barding Armor
37:15 Caravan
39:38 Town Patrol
45:31 Imperial Age
45:03 Coinage
45:12 Gold Shaft Mining
46:44 Elite Boyar
Navix de los Bosques de Lituania
3:46 Loom
11:10 Feudal Age
11:11 Man-at-Arms
12:17 Arson
13:57 Long Swordsman
15:03 Forging
15:32 Scale Mail Armor
21:55 Horse Collar
22:24 Double-Bit Axe
29:00 Pikeman
32:25 Gold Mining
44:36 Wheelbarrow
THENEYK
10:42 Feudal Age
16:43 Castle Age
21:49 Pikeman
25:56 Elite Skirmisher
28:32 Squires
30:34 Chemistry
30:04 Scale Mail Armor
31:15 Horse Collar
34:52 Double-Bit Axe
44:23 Wheelbarrow
46:23 Chain Mail Armor
50:43 Imperial Age
IlPampero
2:45 Loom
13:00 Feudal Age
14:38 Double-Bit Axe
14:36 Horse Collar
19:28 Man-at-Arms
26:31 Gold Mining
26:37 Stone Mining
26:44 Gold Mining
30:18 Castle Age
33:27 Gold Shaft Mining
34:09 Crossbowman
35:48 Fletching
36:52 Bodkin Arrow
37:22 Ballistics
40:12 Pikeman
40:38 Gambesons
40:55 Squires
41:46 Forging
41:43 Scale Barding Armor
41:43 Scale Mail Armor
41:44 Padded Archer Armor
46:49 Elite Skirmisher
ivaeltercero
11:09 Feudal Age
13:40 Double-Bit Axe
33:13 Castle Age
31:50 Fletching
44:25 Padded Archer Armor
45:58 Bodkin Arrow
47:37 Ballistics
48:29 Leather Archer Armor
TheRedLion
10:46 Loom
12:34 Feudal Age
13:24 Double-Bit Axe
18:05 Castle Age
16:32 Gold Mining
18:02 Scale Barding Armor
18:10 Forging
19:20 Bow Saw
26:22 Iron Casting
30:28 Wheelbarrow
32:14 Chain Barding Armor
36:43 Husbandry
41:01 Hand Cart
43:30 Imperial Age
43:42 Cavalier
43:47 Light Cavalry
45:04 Plate Barding Armor
45:30 Blast Furnace
46:04 Conscription
45:46 Chivalry
45:10 Paladin
46:34 Elite Skirmisher
50:03 Chemistry
48:57 Fletching
49:08 Padded Archer Armor
Connection lost

Rejoining the realm…

Still unreachable

The connection could not be restored.

Session expired

The server has moved on; the page needs a fresh start.